 Dungeon Crawl Stone Soup version 0.31-a0-489-g282fc92437 (webtiles) character file.

Game seed: 4311130867021378871

2244 Morbidden the Conjurer (level 9, -5/64 HPs)
             Began as a Demonspawn Conjurer on Aug 8, 2023.
             Was a High Priest of Cheibriados.
             Slain by a gnoll bouda
             ... wielding a +0 whip
              (9 damage)
             ... on level 6 of the Dungeon.
             The game lasted 00:11:13 (8570 turns).

Morbidden the Conjurer (Demonspawn Conjurer)        Turns: 8570, Time: 00:11:14

Health: -5/64      AC: 13    Str: 23    XL:     9   Next: 14%
Magic:  16/16      EV: 16    Int: 38    God:    Cheibriados [*****.]
Gold:   127        SH:  0    Dex: 26    Spells: 11/18 levels left

rFire   . . .        a - +3 double sword (elec)
rCold   . . .        (no shield)
rNeg    . . .        B - +0 chain mail
rPois   +            (helmet restricted)
rElec   .            p - +0 cloak
rCorr   .            y - +2 pair of gloves {Dex+3}
SInv    +            (no boots)
Will    .....        (no amulet) Stlth
                     i - ring of see invisible
HPRegen 0.30/turn    d - ring of Bonnes {rPois Str+6}
MPRegen 0.15/turn

%: no passive effects
@: mighty, agile, weakened, very slow
A: powered by death 2, powered by pain 1, weakness stinger 1, horns 1, clever 1
a: Renounce Religion, Bend Time, Temporal Distortion, Slouch, Step From Time


You were on level 6 of the Dungeon.
You worshipped Cheibriados.
Cheibriados was extremely pleased with you.
You visited 2 branches of the dungeon, and saw 7 of its levels.
You also visited: Sewer.

You collected 284 gold pieces.
You spent 157 gold pieces at shops.

Inventory:

Hand Weapons
 a - a +3 double sword of electrocution (weapon)
Missiles
 m - 3 curare-tipped darts (quivered)
Armour
 c - a +0 helmet
 p - a +0 cloak (worn)
 y - a +2 pair of gloves of dexterity (worn)
 B - a +0 chain mail (worn)
Jewellery
 d - the ring of Bonnes (right hand) {rPois Str+6}
   (You acquired it in a sewer)

   [ring of strength]

   Str:       It affects your strength (+6).
   rPois:     It protects you from poison.
 i - a ring of see invisible (left hand)
Wands
 b - a wand of charming (13)
 r - a wand of digging (4)
Scrolls
 e - a scroll of amnesia {unknown}
 f - 5 scrolls of identify
 g - 4 scrolls of teleportation
 h - a scroll of enchant weapon
 l - a scroll of fog {unknown}
 w - 2 scrolls of revelation
Potions
 j - 2 potions of brilliance {unknown}
 k - 4 potions of curing
 n - a potion of mutation
 o - a potion of degeneration {unknown}
 q - 4 potions of might {unknown}
 v - 3 potions of haste {unknown}
 z - 2 potions of berserk rage {unknown}
 A - a potion of ambrosia {unknown}
 C - 3 potions of enlightenment {unknown}
 D - a potion of resistance {unknown}
 E - a potion of attraction {unknown}


   Skills:
 * Level 3.2 Fighting
 * Level 3.5 Long Blades
 * Level 3.8 Armour
 * Level 3.9 Dodging
 + Level 2.5 Stealth
 * Level 5.2 Spellcasting
 * Level 6.8 Conjurations
 * Level 2.1 Translocations
 * Level 4.4 Invocations


You had 11 spell levels left.
You knew the following spells:

 Your Spells              Type           Power      Damage    Failure   Level
a - Magic Dart            Conj           100%       1d8       1%          1
b - Searing Ray           Conj           100%       2d8       1%          2
z - Iskenderun's Mystic   Conj/Tloc      44%        2d10      30%         4

Your spell library contained the following spells:

 Spells                   Type           Power      Damage    Failure   Level
 Dazzling Flash           Conj/Hex       70%        N/A       14%         3
 Ensorcelled Hibernation  Hex/Ice        18%        N/A       30%         2
 Passwall                 Tmut/Erth      7%         N/A       30%         2
 Fulminant Prism          Conj/Hex       17%        3d10      43%         4
 Ozocubu's Armour         Ice            9%         N/A       52%         3
 Swiftness                Air            9%         N/A       52%         3
 Metabolic Englaciation   Hex/Ice        4%         N/A       99%         5
 Simulacrum               Ice/Necr       4%         N/A       100%        6


Dungeon Overview and Level Annotations

Branches:
Dungeon (6/15)             Temple (1/1) D:4           Sewer (visited)

Altars:
Cheibriados
Fedhas
Gozag
Hepliaklqana
Kikubaaqudgha
Makhleb
Okawaru
Sif Muna
Trog
Uskayaw
Vehumet
Wu Jian
Xom
Yredelemnul

Shops:
D:4 [


Innate Abilities, Weirdness & Mutations

You regenerate health from kills.
You sometimes gain a little power by taking damage.
You have a small tail.
You have a pair of small horns on your head.
Your mind is acute. (Int +4, Str/Dex -1)


Message History

Okay, then.
You completely miss the two-headed ogre.
The two-headed ogre is moderately wounded.
The gnoll bouda barely misses you.
The orc priest invokes the aid of Beogh against you.
Pain shoots through your body! The two-headed ogre closely misses you.
The two-headed ogre completely misses you.
The gnoll bouda gazes fiercely through you!
You feel your attacks grow feeble.
The gnoll bouda hits you but does no damage.
Unknown command.
Unknown command.
You hit the two-headed ogre.
The two-headed ogre is heavily wounded.
The orc priest hits you but does no damage.
The gnoll bouda misses you.
The orc priest hits you but does no damage.
The two-headed ogre barely misses you.
The two-headed ogre hits you but does no damage.
Unknown command.
You barely miss the two-headed ogre. You headbutt the two-headed ogre.
You tail-slap the two-headed ogre! You punch the two-headed ogre.
The two-headed ogre is severely wounded.
The gnoll bouda hits you with a +0 whip.
The orc priest mumbles some strange prayers to Beogh against you.
Pain shoots through your body!
You focus on the pain.
You feel agile all of a sudden.
Unknown command.
Unknown command.
You barely miss the two-headed ogre. You tail-slap the two-headed ogre!
The two-headed ogre is almost dead.
The two-headed ogre hits you with a +0 giant club!
* * * LOW HITPOINT WARNING * * *
The two-headed ogre hits you with a +0 giant club.
* * * LOW HITPOINT WARNING * * *
The gnoll bouda hits you with a +0 whip.
* * * LOW HITPOINT WARNING * * *
The orc priest misses you.
The gnoll bouda hits you with a +0 whip!
You die...

.. '.#.~≈~....# ...
#'###≈~....# ####'''
############...#≈~P...#
.......
...........#...#≈~....#
~~~~...
≈~~~~≈≈~≈~~#####≈≈....#
≈~≈~...
≈≈≈≈≈≈≈≈≈≈≈≈≈≈≈≈≈~....#
~~~~...
~~~≈~~~~≈~~~~~~~~~...P#
.......
......o........)......#
######.
#...O@...#....#######
..>..# #...g.#..#....#
#....# #.....#..#....#
#....# ##...##########
###..# #... ###### #...
..# #... ..# #... ..#


You could see a two-headed ogre, a gnoll bouda and an orc priest.

Vanquished Creatures
  A warg (D:6)
  A water moccasin (D:6)
  A black bear (D:4)
  2 orc warriors
  2 ogres (D:6)
  Blork the orc (D:5)
  A phantom (D:5)
  A kobold brigand (D:4)
  2 bullfrogs (Sewer)
  A scorpion (D:5)
  6 howler monkeys (D:6)
  4 jellies
  2 orc priests
  A gnoll bouda (D:6)
  8 hounds
  An orc wizard (D:4)
  A sleepcap (D:5)
  An iguana (D:4)
  Ijyb (D:3)
  Robin (D:3)
  9 gnolls
  11 adders
  A river rat (Sewer)
  3 worms
  4 dart slugs
  18 orcs
  3 bats
  15 endoplasms
  9 giant cockroaches
  14 goblins
  9 hobgoblins
  6 jackals
  14 kobolds
  5 quokkas
  31 ball pythons
  3 frilled lizards
  27 rats
221 creatures vanquished.

Notes
Turn   | Place    | Note
-------+----------+-------------------------------------------
     0 | D:1      | Morbidden the Demonspawn Conjurer began the quest for the
                  | Orb.
     0 | D:1      | Reached XP level 1. HP: 13/13 MP: 3/3
   314 | D:1      | Gained mutation: You regenerate a little health from kills.
                  | [demonic ancestry]
   314 | D:1      | Reached XP level 2. HP: 14/19 MP: 0/5
   890 | D:1      | Reached skill level 1 in Armour
  1061 | D:1      | Reached XP level 3. HP: 24/24 MP: 4/6
  1478 | D:1      | Learned a level 2 spell: Searing Ray
  1877 | D:2      | Identified the +3 dagger of the Evening {venom, *Rage rF+
                  | Str+2}
  2764 | D:3      | Gained mutation: You have a small tail. [demonic ancestry]
  2764 | D:3      | Reached XP level 4. HP: 30/30 MP: 3/7
  2802 | D:3      | Noticed Ijyb
  2846 | D:3      | Gained mutation: You have a pair of small horns on your
                  | head. [potion of mutation]
  2846 | D:3      | Gained mutation: Your mind is acute. (Int +4, Str/Dex -1)
                  | [potion of mutation]
  2849 | D:3      | Killed Ijyb
  2851 | D:3      | Reached skill level 5 in Conjurations
  3024 | D:3      | Gained mutation: You sometimes gain a little power by
                  | taking damage. [demonic ancestry]
  3024 | D:3      | Reached XP level 5. HP: 35/35 MP: 6/9
  3351 | D:3      | Noticed Robin
  3355 | D:3      | Reached skill level 1 in Long Blades
  3435 | D:3      | Killed Robin
  3436 | D:3      | Reached skill level 1 in Fighting
  4183 | D:4      | Found a snail-covered altar of Cheibriados.
  4246 | D:4      | Became a worshipper of Cheibriados the Contemplative
  4327 | D:4      | Reached XP level 6. HP: 19/43 MP: 1/10
  4480 | D:4      | Found a staircase to the Ecumenical Temple.
  4781 | D:4      | Reached skill level 1 in Invocations
  5101 | D:4      | Reached * piety under Cheibriados
  5353 | D:4      | Found Asumo's Antique Armour Emporium.
  5357 | D:4      | Bought a pair of glowing gloves for 157 gold pieces
  5572 | D:4      | Noticed an orc warrior
  5612 | D:4      | Gained mutation: You regenerate health from kills. [demonic
                  | ancestry]
  5612 | D:4      | Reached XP level 7. HP: 48/48 MP: 5/12
  5855 | D:5      | Entered Level 5 of the Dungeon
  5947 | Temple   | Entered the Ecumenical Temple
  6107 | D:5      | Learned a level 4 spell: Iskenderun's Mystic Blast
  6417 | D:5      | Reached ** piety under Cheibriados
  6679 | D:5      | Reached skill level 6 in Conjurations
  6911 | D:5      | Noticed Blork the orc
  6925 | D:5      | Killed Blork the orc
  6926 | D:5      | Reached XP level 8. HP: 56/57 MP: 3/14
  7237 | D:6      | Found an ornate altar of the Wu Jian Council.
  7308 | D:6      | Reached skill level 1 in Translocations
  7404 | D:6      | Found a glowing drain.
  7419 | Sewer    | Entered a sewer
  7420 | Sewer    | Identified a scroll of acquirement
  7421 | Sewer    | Acquired the ring of Bonnes {rPois Str+6}
  7574 | Sewer    | Reached *** piety under Cheibriados
  7882 | Sewer    | Reached **** piety under Cheibriados
  8125 | D:6      | Reached skill level 5 in Spellcasting
  8321 | D:6      | Reached XP level 9. HP: 63/63 MP: 10/16
  8407 | D:6      | Reached ***** piety under Cheibriados
  8563 | D:6      | Noticed a two-headed ogre
  8570 | D:6      | Slain by a gnoll bouda

Illustrated notes

Levels and vault maps discovered:
D:1:      matt_arrival_grand_opening, layout_basic, nicolae_eternal_life,
          st_stairs_8
D:2:      layout_basic, minmay_puff
D:3:      layout_basic, minmay_checkerbox, uniq_ijyb, uniq_robin
D:4:      minmay_chambers_of_fours, layout_layer_cave,
          mainiacjoe_overflow_catwalk, minmay_temple_entry_stoned_glass,
          serial_shops, shop_statue
D:5:      layout_cave_pools, uniq_blork_the_orc
D:6:      lemuel_castle_with_subvaults [lemuel_castle_interior_carwin_1],
          layout_gridville, mainiacjoe_overflow_catch_the_wave,
          cheibrodos_sewer_entry_drain, uniq_maggie, uniq_menkaure
Temple:   minmay_freezing_vapour_temple

Skill      XL: |  1  2  3  4  5  6  7  8 |
---------------+-------------------------+-----
Armour         | 1 2 3 |  3.8
Dodging        | 2 3 |  3.9
Stealth        | 2 |  2.5
Conjurations   | 5 6 |  6.8
Long Blades    | 1 2 3 |  3.5
Fighting       | 1 2 3 |  3.2
Spellcasting   | 3 4 5 |  5.2
Invocations    | 2 3 4 |  4.4
Translocations | 2 |  2.1

Action                     |  1- 3 |  4- 6 |  7- 9 || total
---------------------------+-------+-------+-------++-------
  Melee: Unarmed           |    15 |       |       ||    15
         Falchion          |    20 |    77 |     9 ||   106
         Tailslap          |       |    12 |    11 ||    23
         Headbutt          |       |    10 |    17 ||    27
         Double sword      |       |       |    75 ||    75
         Long sword        |       |       |     2 ||     2
         Punch             |       |       |     1 ||     1
  Throw: Dart              |       |     1 |     1 ||     2
   Cast: Magic Dart        |    98 |   114 |   134 ||   346
         Searing Ray       |     2 |    12 |    26 ||    40
    Use: Potion            |       |     3 |     1 ||     4
         Scroll            |       |       |    14 ||    14
 Armour: Robe              |    17 |    36 |    27 ||    80
         Chain mail        |       |       |    71 ||    71
  Dodge: Dodged            |    28 |    94 |   155 ||   277

Table legend: (Time is in decaauts)
 A = Elapsed time spent in this place.
 B = Non-inter-level travel time spent in this place.
 C = Inter-level travel time spent in this place.
 D = Time resting spent in this place.
 E = Time spent auto-exploring this place.
 F = Levels seen in this place.
 G = Mean time per level.
                   A        B        C        D        E       F      G
               +--------+--------+--------+--------+--------+-----+--------+
         Total |   9487 |   9102 |    385 |    753 |   6753 |   8 | 1185.9 |
       Dungeon |   8700 |   8315 |    385 |    745 |   6175 |   6 | 1450.0 |
        Temple |      1 |      1 |      0 |      0 |      0 |   1 |    1.0 |
         Sewer |    785 |    785 |      0 |      8 |    577 |   1 |  785.0 |
               +--------+--------+--------+--------+--------+-----+--------+

Top non-repeatable levels by time:
     D:4: 2436 daAuts
     D:1: 1614 daAuts
     D:5: 1348 daAuts
     D:3: 1303 daAuts
     D:2: 1057 daAuts
     D:6: 940 daAuts
   Sewer: 785 daAuts
  Temple: 1 daAuts
